 Dungeon Crawl Stone Soup version 0.17-a0-812-gf7dae37 (webtiles) character file.

144 FedoraBrony69 the Skirmisher (level 5, -6/72 HPs)
             Began as a Minotaur Berserker on Apr 26, 2015.
             Was a Believer of Trog.
             Mangled by a gnoll
             ... wielding a +0 halberd
              (12 damage)
             ... on level 3 of the Dungeon.
             The game lasted 00:02:14 (1562 turns).

FedoraBrony69 the Skirmisher (Minotaur Berserker)   Turns: 1562, Time: 00:02:14

Health: -6/72      AC:  5    Str: 30    XL:     5   Next: 5%
Magic:  4/4        EV:  9    Int:  4    God:    Trog [**....]
Gold:   138        SH:  8    Dex: 10    Spells: 0 memorised, 4 levels left

rFire  . . .     SeeInvis .     a - +0 hand axe
rCold  . . .     Clarity  .     b - +0 animal skin
rNeg   . . .     SustAb   .     j - +0 shield
rPois  .         Gourm    .     (helmet restricted)
rElec  .         Spirit   .     (no cloak)
rCorr  .         Warding  .     d - +2 pair of gloves {Str+3}
rMut   .         Stasis   .     (no boots)
MR     .....                    (no amulet)
Stlth  ..........               (no ring)
                                (no ring)

@: berserking, very quick, not resistant to hostile enchantments, extremely
unstealthy
A: retaliatory headbutt, horns 2
a: Burn Spellbooks, Berserk, Trog's Hand, Renounce Religion


You were on level 3 of the Dungeon.
You worshipped Trog.
Trog was pleased with you.
You were hungry.

You visited 1 branch of the dungeon, and saw 3 of its levels.

You collected 138 gold pieces.

Inventory:

Hand weapons
 a - a +0 hand axe (weapon)
Armour
 b - a +0 animal skin (worn)
 d - a +2 pair of gloves of strength (worn)
 j - a +0 shield (worn)
Jewellery
 g - an uncursed ring of protection from cold {unknown}
Magical devices
 q - a wand of fireball (8)
Scrolls
 e - 3 scrolls of identify {unknown}
 h - a scroll of amnesia {unknown}
 m - a scroll of magic mapping {unknown}
 r - a scroll of enchant weapon {unknown}
 s - a scroll of fear {unknown}
Potions
 i - 2 potions of cure mutation {unknown}
 k - 2 potions of heal wounds {unknown}
 n - a potion of cancellation {unknown}
 p - a potion of flight {unknown}
Comestibles
 c - 3 bread rations
 f - 2 beef jerkies
 l - a meat ration
 o - a slice of pizza


   Skills:
 + Level 5.5 Fighting
 + Level 5.3 Axes
 - Level 2.6 Armour
 - Level 2.4 Dodging


You had 4 spell levels left.
You didn't know any spells.

Dungeon Overview and Level Annotations

Branches:
Dungeon (3/15)

Altars:


Innate Abilities, Weirdness & Mutations

You reflexively headbutt those who attack you in melee.
You have a pair of horns on your head.


Message History

A gnoll comes into view. It is wielding a club.
You hit the gnoll. You headbutt the gnoll.
The gnoll is almost dead.
You block the gnoll's attack. x2
Your shield prevents you from hitting the gnoll.
Your headbutt misses the gnoll.
The gnoll is almost dead.
The gnoll hits you.
* * * LOW HITPOINT WARNING * * *
The gnoll hits you but does no damage.
You slash the gnoll!
You kill the gnoll!
Trog accepts your kill.
You have reached level 5!
Use which ability? (? or * to list)
A red film seems to cover your vision as you go berserk!
You feel yourself moving faster!
You feel mighty!
You are feeling hungry.
The gnoll hits you from afar with a halberd!
You die...

#..........#.####..##....
#...^..##)...............
#......##.##.....<.....##
#########..##)....##..####
##....####..##......#......
........##......###....###.
.............#<######..###.
#......)..........#......#
######).#@.#..###......#..
#...###.g.#####..##....
#.### ##g..........###. #.#
##.#####.##..### #.# #.#
#.###....
####.#######.#####.# ####.
##.##.#...........#.# ###..
#...#....[..........# #...#
#...#...............###.###


You could see 2 gnolls.

Vanquished Creatures
  4 gnolls (D:3)
  3 adders
  2 oozes
  A worm (D:2)
  A giant gecko (D:1)
  8 bats
  2 giant cockroaches
  9 goblins
  6 hobgoblins
  3 jackals (D:3)
  7 kobolds
  A quokka (D:2)
  2 ball pythons
  3 giant newts
  8 rats
60 creatures vanquished.

Notes
Turn   | Place    | Note
--------------------------------------------------------------
     0 | D:1      | FedoraBrony69, the Minotaur Berserker, began the quest for the Orb.
     0 | D:1      | Reached XP level 1. HP: 19/19 MP: 0/0
    36 | D:1      | Reached skill level 4 in Fighting
    38 | D:1      | Reached XP level 2. HP: 20/27 MP: 1/1
   484 | D:1      | Reached XP level 3. HP: 29/33 MP: 2/2
   499 | D:1      | Acquired Trog's second power
   912 | D:2      | Reached XP level 4. HP: 36/41 MP: 3/3
  1250 | D:3      | Reached skill level 5 in Fighting
  1391 | D:3      | Reached skill level 5 in Axes
  1561 | D:3      | Reached XP level 5. HP: 4/48 MP: 4/4
  1562 | D:3      | Mangled by a gnoll

Action                   |  1- 3 |  4- 6 || total
-------------------------+-------+-------++-------
Melee: Hand axe          |    67 |    63 ||   130
Invok: Berserk           |       |     1 ||     1
  Eat: Chunk             |       |     2 ||     2
